 Dungeon Crawl Stone Soup version 0.26-a0-58-g79b31b8662 (webtiles) character file.

Game seed: 3100717843795629378

535 funkygono the Shield-Bearer (level 7, -5/43 HPs)
             Began as a Gargoyle Fighter on June 9, 2020.
             Was a Follower of Okawaru.
             Slain by an ogre
             ... wielding a +0 giant club
              (6 damage)
             ... on level 5 of the Dungeon.
             The game lasted 00:12:52 (4045 turns).

funkygono the Shield-Bearer (Gargoyle Fighter)      Turns: 4045, Time: 00:12:52

Health: -5/43      AC: 13    Str: 21    XL:     7   Next: 25%
Magic:  4/7        EV: 13    Int:  9    God:    Okawaru [*.....]
Gold:   250        SH: 14    Dex:  9    Spells: 6/6 levels left

rFire    + . .     SeeInvis .   t - -1 whip (curse)
rCold    . . .     Gourm    .   c - +2 kite shield
rNeg     + . .     Faith    +   j - +0 ring mail {rF+}
rPois    ∞         Spirit   .   o - +0 helmet
rElec    +         Reflect  .   (no cloak)
rCorr    .         Harm     .   (no gloves)
MR       .....                  (no boots)
Stlth    ++........             s - amulet of faith
HPRegen  0.14/turn              (no ring)
MPRegen  0.10/turn              (no ring)

@: heroism
A: negative energy resistance 1, electricity resistance, unbreathing,
petrification resistance, rot immunity, AC +4
a: Heroism, Renounce Religion


You were on level 5 of the Dungeon.
You worshipped Okawaru.
Okawaru was aware of your devotion.
You were not hungry.

You visited 2 branches of the dungeon, and saw 6 of its levels.

You collected 250 gold pieces.

Inventory:

Hand Weapons
 r - a +1 whip of freezing
 t - a cursed -1 whip (weapon)
Missiles
 i - 26 arrows
 v - 45 stones (quivered)
Armour
 b - a +0 scale mail
 c - a +2 kite shield (worn)
 j - a +0 ring mail of fire resistance (worn)
 m - a +0 chain mail
 o - a +0 helmet (worn)
Jewellery
 s - an amulet of faith (around neck)
Wands
 p - a wand of flame (15)
Scrolls
 k - 2 scrolls of fear
 n - 2 scrolls of teleportation
 q - 4 scrolls of identify
Potions
 d - a potion of might
 e - 2 potions of heal wounds
 g - a potion of haste
 h - 3 potions of brilliance
 l - 2 potions of invisibility
 u - a potion of ambrosia
Comestibles
 f - 4 rations


   Skills:
 + Level 4.1(9.1) Fighting
 + Level 3.9(8.9) Maces & Flails
 + Level 4.4(9.4) Armour
 + Level 1.8(6.8) Dodging
 + Level 1.5(6.5) Stealth
 + Level 6.0(11.0) Shields


You had 6 spell levels left.
You didn't know any spells.
Your spell library was empty.

Dungeon Overview and Level Annotations

Branches:
Dungeon (5/15)             Temple (1/1) D:4

Altars:
Ashenzari
Dithmenos
Elyvilon
Fedhas
Gozag
Hepliaklqana
Kikubaaqudgha
Makhleb
Nemelex Xobeh
Okawaru
Qazlal
Ru
Sif Muna
Trog
Uskayaw
Vehumet
Wu Jian
Xom
Yredelemnul
Zin


Innate Abilities, Weirdness & Mutations

You are resistant to torment.
Your stone body is resilient. (AC +4)
You are immune to poison.
You resist negative energy. (rN+)
You are resistant to electric shocks. (rElec)
You can survive without breathing.
You are immune to petrification.
You are immune to rotting.


Message History

You barely miss the ogre.
The ogre is almost dead.
The crimson imp hits you but does no damage.
All of the chunks of flesh in your inventory have rotted away.
You hit the ogre.
The ogre is almost dead.
The ogre hits you with a +0 giant club!
* * * LOW HITPOINT WARNING * * *
You barely miss the ogre.
The ogre is almost dead.
The crimson imp closely misses you.
You hit the ogre but do no damage.
The ogre is almost dead.
You block the ogre's attack. You block the crimson imp's attack.
You closely miss the ogre.
The ogre is almost dead.
You barely miss the ogre.
The ogre is almost dead.
You block the crimson imp's attack. The ogre hits you with a +0 giant club.
You die...

########
.......#################
.......#...............#
.......#...............#.
.......#...............'.
.......#...............#
##.....#....###'###...##
#.....'....##.O@##...##.
#.....#....#..5.........
#.....#....'............
#.....#....#............
#.....#....##+####'####.
#.....#....# .#
#.....#....# ..
#.....#....# .. ##.....#
...


You could see an ogre and a crimson imp.

Vanquished Creatures
  Eustachio (D:4)
  A phantom (D:4)
  A crimson imp (D:5)
  An iguana (D:4)
  3 worker ants (D:4)
  7 adders
  A shadow imp (D:5)
  2 oozes
  5 worms
  2 leopard geckos (D:4)
  2 orcs
  4 giant cockroaches
  9 hobgoblins
  5 quokkas
  11 bats
  6 frilled lizards
  8 goblins
  6 kobolds
  9 rats
84 creatures vanquished.

Notes
Turn   | Place    | Note
-------+----------+-------------------------------------------
     0 | D:1      | funkygono the Gargoyle Fighter began the quest for the Orb.
     0 | D:1      | Reached XP level 1. HP: 14/14 MP: 1/1
   340 | D:1      | Reached XP level 2. HP: 19/19 MP: 2/2
   680 | D:2      | Found a glowing silver altar of Zin.
   681 | D:2      | Found an iron altar of Okawaru.
   702 | D:2      | Reached XP level 3. HP: 20/23 MP: 3/3
   725 | D:2      | Became a worshipper of Warmaster Okawaru
   890 | D:2      | Reached skill level 4 in Shields
  1101 | D:2      | Reached XP level 4. HP: 18/28 MP: 4/4
  1234 | D:2      | Found a shimmering blue altar of Sif Muna.
  1402 | D:2      | Found an opulent altar of Gozag.
  1511 | D:2      | Found a shattered altar of Ashenzari.
  2056 | D:3      | Reached XP level 5. HP: 32/33 MP: 5/5
  2692 | D:4      | Found a bloodstained altar of Trog.
  2791 | D:4      | Found a staircase to the Ecumenical Temple.
  2806 | Temple   | Entered the Ecumenical Temple
  2946 | D:4      | Noticed Eustachio
  3008 | D:4      | Killed Eustachio
  3008 | D:4      | Reached skill level 1 in Dodging
  3008 | D:4      | Reached skill level 5 in Shields
  3008 | D:4      | Reached XP level 6. HP: 26/38 MP: 6/6
  3379 | D:4      | Found an iron altar of Okawaru.
  3513 | D:4      | Noticed a phantom
  3572 | D:4      | Killed a phantom
  3572 | D:4      | Reached * piety under Okawaru
  3572 | D:4      | Reached skill level 6 in Shields
  3572 | D:4      | Reached XP level 7. HP: 19/43 MP: 7/7
  3776 | D:5      | Entered Level 5 of the Dungeon
  3888 | D:5      | Reached skill level 1 in Stealth
  4041 | D:5      | HP: 1/43 [ogre/+0 giant club (17)]
  4045 | D:5      | Slain by an ogre

Illustrated notes

Levels and vault maps discovered:
D:1:      matt_arrival_spirals, layout_rooms, grunt_decor_cap,
          minmay_pentomino_z2
D:2:      layout_rooms, old_standard_altar, ashenzari_altar_1,
          grunt_temple_overflow_open, grunt_gozag_statues
D:3:      layout_basic, minmay_starry_boxes
D:4:      layout_loops_cross, nicolae_overflow_crystal_walls,
          minmay_temple_entry_butterflies, okawaru_ov_weapons_minmay,
          uniq_eustachio
D:5:      layout_gridville, tso_altar, basic_altar, first_ration, uniq_ijyb
Temple:   regret_index_temple_waves

Skill      XL: |  1  2  3  4  5  6  7 |
---------------+----------------------+-----
Shields        | 4 5 6 |  6.0
Maces & Flails | 3 |  3.9
Armour         | 4 |  4.4
Fighting       | 4 |  4.1
Dodging        | 1 |  1.8
Stealth        | 1 |  1.5

Action                   |  1- 3 |  4- 6 |  7- 9 || total
-------------------------+-------+-------+-------++-------
Melee: Flail             |   144 |   121 |       ||   265
       Whip              |       |   205 |   110 ||   315
Invok: Heroism           |       |       |     3 ||     3
Evoke: Wand              |       |       |     1 ||     1
  Use: Scroll            |     2 |    11 |     2 ||    15
       Potion            |       |     2 |       ||     2
  Eat: Chunk             |     1 |     8 |     2 ||    11
Armor: Scale mail        |   100 |       |       ||   100
       Ring mail         |     2 |   151 |    28 ||   181
Dodge: Dodged            |    58 |   112 |    21 ||   191
Block: Kite shield       |   122 |   226 |    49 ||   397

Table legend:
 A = Non-vault XP
 B = Vault XP
 C = Vault XP percentage of total XP
 D = Non-vault monster count
 E = Vault monster count
 F = Vault count percentage of total count
                 A         B        C        D         E       F
            +---------+---------+-------+---------+---------+-------
      Total |     544 |     221 |  28.9 |      78 |       6 |   7.1
            +---------+---------+-------+---------+---------+-------
        D:1 |      23 |       0 |   0.0 |      15 |       0 |   0.0
        D:2 |      98 |       0 |   0.0 |      24 |       0 |   0.0
        D:3 |      58 |      10 |  14.7 |      20 |       5 |  20.0
        D:4 |     283 |     211 |  42.7 |      13 |       1 |   7.1
        D:5 |      82 |       0 |   0.0 |       6 |       0 |   0.0
            +---------+---------+-------+---------+---------+-------
